 Dungeon Crawl Stone Soup version 0.20.1-1-g8b1a95d (console) character file.

379 hilaritas the Cudgeler (level 6, -11/55 HPs)
             Began as a Gargoyle Fighter on July 31, 2017.
             Mangled by Shiggs's ghost (14 damage)
             ... on level 4 of the Dungeon.
             The game lasted 00:07:50 (3090 turns).

hilaritas the Cudgeler (Gargoyle Fighter)           Turns: 3090, Time: 00:07:50

Health: -11/55     AC: 12    Str: 23 (26) XL:     6   Next: 74%
Magic:  6/6        EV: 11    Int: 12 (14) God:
Gold:   142        SH: 10    Dex:  8 (9)  Spells: 5/5 levels left

rFire    . . .     SeeInvis .   y - +0 flail (drain)
rCold    . . .     Gourm    .   c - +1 shield
rNeg     + + .     Faith    .   b - +0 scale mail
rPois    ∞         Spirit   .   g - +0 helmet
rElec    +         Reflect  .   A - scarf {cloud immunity}
rCorr    .         Harm     .   (no gloves)
MR       .....                  (no boots)
Stlth    ..........             (no amulet)
Regen    0.2/turn               j - ring of positive energy
MPRegen  0.1/turn               k - +4 ring of evasion

@: brilliant, berserking (expiring), very quick
A: negative energy resistance 1, electricity resistance, unbreathing,
petrification resistance, rot immunity, AC +4
a: no special abilities


You were on level 4 of the Dungeon.
You were very hungry.

You visited 1 branch of the dungeon, and saw 4 of its levels.

You collected 142 gold pieces.

Inventory:

Hand Weapons
 a - a +0 flail
 y - a +0 flail of draining (weapon)
Missiles
 x - 4 javelins (quivered)
Armour
 b - a +0 scale mail (worn)
 c - a +1 shield (worn)
 g - a +0 helmet (worn)
 A - a scarf of cloud immunity (worn)
Jewellery
 j - a ring of positive energy (left hand)
 k - a +4 ring of evasion (right hand)
 t - a -2 ring of intelligence
Wands
 d - a wand of flame (23/48)
 r - a wand of confusion (30/48)
Scrolls
 h - 2 scrolls of identify
 i - a scroll of fog
 o - a scroll of teleportation
 s - 2 scrolls of immolation
 w - a scroll of enchant armour
 C - a scroll of remove curse
Potions
 q - a potion of cancellation
Comestibles
 f - 5 bread rations
 B - a fruit


   Skills:
 - Level 3.2 Fighting
 * Level 6.2 Maces & Flails
 - Level 3.2 Armour
 + Level 4.6 Shields


You had 5 spell levels left.
You didn't know any spells.

Dungeon Overview and Level Annotations

Branches:
Dungeon (4/15)
 Temple: D:4-7

Altars:
Qazlal

Annotations:
D:4 Shiggs's ghost, novice NaFi


Innate Abilities, Weirdness & Mutations

You are resistant to torment.
Your stone body is resilient. (AC +4)
You are immune to poison.
You resist negative energy. (rN+)
You are resistant to electric shocks. (rElec)
You can survive without breathing.
You are immune to petrification.
You are immune to rotting.


Message History

You barely miss Shiggs's ghost.
Shiggs's ghost is lightly damaged.
Shiggs's ghost says, "Are you willing to die fighting?
I was!"
Shiggs's ghost hits you but does no damage.
You closely miss Shiggs's ghost.
Shiggs's ghost is lightly damaged.
You barely miss Shiggs's ghost.
Shiggs's ghost is lightly damaged.
Shiggs's ghost hits you but does no damage.
You closely miss Shiggs's ghost.
Shiggs's ghost is lightly damaged.
Shiggs's ghost hits you!
* * * LOW HITPOINT WARNING * * *
You closely miss Shiggs's ghost.
Shiggs's ghost is lightly damaged.
You block Shiggs's ghost's attack.
You closely miss Shiggs's ghost.
Shiggs's ghost is lightly damaged.
Shiggs's ghost hits you!
You die...

.. ..# #.# ###.#
#.###...# ###..
....# ...# ...#
.#####.####..#####
.................#
#.?.........#
#@####.####.# #W#
#.# #.# #.. #.#
###. #.# .# #.# #
#.# #.#


You could see Shiggs's ghost.

Vanquished Creatures
  2 electric eels (D:3)
  5 orc priests
  Robin (D:2)
  An adder (D:3)
  3 gnolls (D:3)
  An ooze (D:2)
  2 worms (D:2)
  4 dart slugs
  A leopard gecko (D:3)
  8 orcs
  A giant cockroach (D:2)
  13 goblins
  11 hobgoblins
  4 jackals (D:2)
  9 kobolds
  2 quokkas
  3 ball pythons
  2 bats
  A frilled lizard (D:2)
  4 rats
78 creatures vanquished.

Notes
Turn   | Place    | Note
-------+----------+-------------------------------------------
     0 | D:1      | hilaritas the Gargoyle Fighter began the quest for the Orb.
     0 | D:1      | Reached XP level 1. HP: 14/14 MP: 1/1
   157 | D:1      | Reached XP level 2. HP: 19/19 MP: 2/2
   642 | D:2      | Reached skill level 3 in Maces & Flails
   678 | D:2      | Reached XP level 3. HP: 23/23 MP: 3/3
  1493 | D:2      | Noticed Robin
  1514 | D:2      | Killed Robin
  1514 | D:2      | Reached XP level 4. HP: 28/28 MP: 4/4
  1789 | D:2      | Reached skill level 4 in Maces & Flails
  1877 | D:3      | Reached XP level 5. HP: 17/32 MP: 5/5
  2102 | D:3      | Reached skill level 5 in Maces & Flails
  2172 | D:3      | Found a transporter.
  2214 | D:3      | Reached XP level 6. HP: 18/37 MP: 6/6
  2472 | D:3      | Found a transporter.
  2643 | D:3      | Found a stormy altar of Qazlal.
  3068 | D:4      | Noticed Shiggs's ghost (novice NaFi)
  3070 | D:4      | Reached skill level 6 in Maces & Flails
  3088 | D:4      | HP: 2/55 [Shiggs's ghost (12)]
  3090 | D:4      | Mangled by Shiggs's ghost

Skill      XL: |  1  2  3  4  5  6 |
---------------+-------------------+-----
Maces & Flails | 3 4 5 6 |  6.2
Shields        | 4 |  4.6
Fighting       | |  3.2
Armour         | |  3.2

Action                   |  1- 3 |  4- 6 || total
-------------------------+-------+-------++-------
Melee: Flail             |   131 |   149 ||   280
  Use: Potion            |       |     8 ||     8
       Scroll            |       |     8 ||     8
  Eat: Chunk             |     2 |     4 ||     6
Armor: Scale mail        |    62 |    61 ||   123
Dodge: Dodged            |    32 |    53 ||    85
Block: Shield            |    70 |    79 ||   149
